 Dungeon Crawl Stone Soup version 0.19-a0-45-g2c295ea (webtiles) character file.

146 Kenran the Slasher (level 5, -3/45 HPs)
             Began as a Draconian Fighter on May 5, 2016.
             Slain by an iguana (7 damage)
             ... on level 4 of the Dungeon.
             The game lasted 00:06:02 (2415 turns).

Kenran the Slasher (Draconian Fighter)              Turns: 2415, Time: 00:06:03

Health: -3/45      AC:  5    Str: 18    XL:     5   Next: 7%
Magic:  5/5        EV: 10    Int: 13    God:
Gold:   115        SH:  9    Dex: 12    Spells: 0 memorised, 4 levels left

rFire  . . .     SeeInvis +     s - +0 long sword
rCold  . . .     Gourm    .     (armour unavailable)
rNeg   . . .     Faith    .     b - +0 shield
rPois  .         Spirit   .     (helmet restricted)
rElec  .         Dismiss  .     (no cloak)
rCorr  .         Reflect  .     (no gloves)
SustAt .         Harm     .     (no boots)
MR     .....                    (no amulet)
Stlth  +.........               (no ring)
                                i - ring of see invisible

@: brilliant, not resistant to hostile enchantments, very unstealthy
A: unfitting armour, cold-blooded, AC +5
a: no special abilities


You were on level 4 of the Dungeon.
You were not hungry.

You visited 1 branch of the dungeon, and saw 4 of its levels.

You collected 115 gold pieces.

Inventory:

Hand Weapons
 s - a +0 long sword (weapon)
Armour
 b - a +0 shield (worn)
Jewellery
 i - a ring of see invisible (left hand)
 w - an uncursed ring of flight {unknown}
 x - a +3 ring of strength {unknown}
Scrolls
 f - 2 scrolls of random uselessness {unknown}
 j - a scroll of remove curse {unknown}
 o - a scroll of fear {unknown}
 q - 2 scrolls of teleportation {unknown}
 r - 2 scrolls of identify {unknown}
 u - a scroll of blinking {unknown}
Potions
 c - a potion of might
 e - a potion of invisibility {unknown}
 g - a potion of curing {unknown}
 h - a potion of heal wounds {unknown}
 k - a potion of agility {unknown}
 m - a potion of haste {unknown}
 n - a potion of ambrosia {unknown}
 p - a potion of lignification {unknown}
Comestibles
 d - 2 bread rations
 l - a royal jelly
 t - 4 chunks of flesh
 v - a meat ration


   Skills:
 - Level 3.2 Fighting
 + Level 5.3 Long Blades
 - Level 2.6 Dodging
 - Level 3.0 Shields


You had 4 spell levels left.
You didn't know any spells.

Dungeon Overview and Level Annotations

Branches:
Dungeon (4/15)
 Temple: D:4-7

Altars:
Gozag
Qazlal
Zin

Annotations:
D:4 Grinder


Innate Abilities, Weirdness & Mutations

Your plain brown scales are hard (AC +5).
Your body does not fit into most forms of armour.
You are cold-blooded and may be slowed by cold attacks.


Message History

The iguana bites you!
* * * LOW HITPOINT WARNING * * *
You hit the iguana but do no damage.
Your tail-slap misses the iguana.
The iguana is almost dead.
The iguana closely misses you.
You hit the iguana.
Your tail-slap misses the iguana.
The iguana is almost dead.
The iguana bites you but does no damage.
Grinder hits you.
* * * LOW HITPOINT WARNING * * *
You writhe in agony.
* * * LOW HITPOINT WARNING * * *
You block the iguana's attack. You block Grinder's attack.
You climb downwards.
The orc barely misses you.
There is a stone staircase leading up here.
Drink which item? (? for menu, Esc to quit)
It was a potion of brilliance.
You feel clever all of a sudden. The iguana bites you!
You die...

#### . ...# ...
...# ... .o.#
#.. o..+
###..###### ...#
.......o5.##...#
.......@lo.'...#
.......o...#)..#
...........#...#
##...###########
#... .... ...
...


You could see Grinder, an iguana, an orc priest and 2 orcs.

Vanquished Creatures
  A crimson imp (D:3)
  Terence (D:3)
  2 oozes
  2 worms
  A dart slug (D:1)
  3 giant geckos
  3 orcs
  2 giant cockroaches
  5 goblins
  6 hobgoblins
  3 jackals (D:3)
  2 quokkas
  A ball python (D:3)
  7 bats
  14 giant newts
  7 kobolds
  9 rats
69 creatures vanquished.

Notes
Turn   | Place    | Note
--------------------------------------------------------------
     0 | D:1      | Kenran the Draconian Fighter began the quest for the Orb.
     0 | D:1      | Reached XP level 1. HP: 19/19 MP: 1/1
   248 | D:1      | Reached XP level 2. HP: 24/26 MP: 2/2
   273 | D:1      | Reached skill level 3 in Long Blades
   624 | D:1      | Reached XP level 3. HP: 29/31 MP: 3/3
  1073 | D:2      | Found a stormy altar of Qazlal.
  1075 | D:2      | Noticed an air elemental
  1076 | D:2      | Noticed a fire elemental
  1076 | D:2      | Noticed a water elemental
  1076 | D:2      | Noticed an earth elemental
  1114 | D:2      | Found an opulent altar of Gozag.
  1121 | D:2      | Found a faded altar to an unknown god.
  1167 | D:2      | Reached skill level 4 in Long Blades
  1456 | D:2      | Found a glowing silver altar of Zin.
  1686 | D:3      | Noticed Grinder
  1791 | D:3      | Noticed Terence
  1801 | D:3      | Killed Terence
  1801 | D:3      | Reached XP level 4. HP: 12/38 MP: 4/4
  2364 | D:3      | Reached skill level 5 in Long Blades
  2364 | D:3      | Reached XP level 5. HP: 45/45 MP: 5/5
  2415 | D:4      | Slain by an iguana

Vault maps used:
D:1:      minmay_arrival_up_and_down, minmay_lizard_king
D:2:      old_standard_altar, lemuel_doored_altar,
          nicolae_qazlal_style_of_elements, ecumenical_altar_2
D:3:      first_bread, moated_statue, patterned_corridor, uniq_grinder,
          uniq_terence
D:4:      grunt_temple_overflow_holy_war

Skill      XL: |  1  2  3  4 |
---------------+-------------+-----
Long Blades    | 3 4 5 |  5.3
Fighting       | |  3.2
Dodging        | |  2.6
Shields        | |  3.0

Action                   |  1- 3 |  4- 6 || total
-------------------------+-------+-------++-------
Melee: Long sword        |   146 |    51 ||   197
       Tailslap          |    18 |     6 ||    24
  Use: Potion            |       |     1 ||     1
  Eat: Chunk             |     3 |     2 ||     5
Armor: Skin              |    40 |    19 ||    59
Dodge: Dodged            |    59 |    18 ||    77
Block: Shield            |    67 |    33 ||   100
